 Dungeon Crawl Stone Soup version 0.31-a0-700-gf13585253f (webtiles) character file.

Game seed: 10116955186187635339

126 qw the Shooter (level 5, -1/32 HPs)
             Began as a Gargoyle Hunter on Sept 7, 2023.
             Slain by an orc priest
             ... wielding a +0 club
              (2 damage)
             ... on level 2 of the Dungeon.
             The game lasted 00:00:47 (1779 turns).

qw the Shooter (Gargoyle Hunter)                    Turns: 1779, Time: 00:00:48

Health: -1/32      AC:  9    Str: 15    XL:     5   Next: 10%
Magic:  5/5        EV: 11    Int:  9    God:
Gold:   74         SH:  0    Dex: 15    Spells: 4/4 levels left

rFire   . . .        Y - +0 shortbow
rCold   . . .        (shield currently unavailable)
rNeg    + . .        f - +0 ring mail
rPois   inf          (no helmet)
rElec   +            (no cloak)
rCorr   .            (no gloves)
SInv    .            (no boots)
Will    .....        (no amulet)
Stlth   +            (no ring)
HPRegen 0.25/turn    (no ring)
MPRegen 0.09/turn

%: no passive effects
@: no status effects
A: sickness immunity, AC +4, negative energy resistance 1, electricity
resistance, torment resistance 1, petrification resistance
a: no special abilities


You were on level 2 of the Dungeon.
You visited 1 branch of the dungeon, and saw 3 of its levels.

You collected 74 gold pieces.


Innate Abilities, Weirdness & Mutations

You are immune to sickness and miasma.
Your stone body is resilient. (AC +4)
You are immune to poison.
You resist negative energy. (rN+)
You are resistant to electric shocks. (rElec)
You are resistant to unholy torment.
You are immune to petrification.


   Skills:
 - Level 3.0 Fighting
 + Level 5.7 Ranged Weapons
 - Level 1.1 Armour
 - Level 1.5 Dodging
 - Level 1.1 Stealth


You had 4 spell levels left.
You didn't know any spells.
Your spell library was empty.

Inventory:

Hand Weapons
 Y - a +0 shortbow (weapon)
Armour
 f - a +0 ring mail (worn)
Scrolls
 b - a scroll of enchant armour
Potions
 a - a potion of attraction {unknown}
 d - a potion of lignification {unknown}
 e - a potion of might {unknown}
 g - a potion of resistance {unknown}

Dungeon Overview and Level Annotations

Branches:
Dungeon (3/15)

Altars:


Message History

You kill the ball python!
The orc priest hits you but does no damage.
1769 ||| STAIRDANCE The orc priest hits you with a +0 club.
You climb upwards.
There is a stone staircase leading down here.
You shoot an arrow. The arrow barely misses the orc priest.
The orc priest hits you with a +0 club.
You shoot an arrow. The arrow hits the orc priest.
The orc priest is moderately wounded.
The orc priest barely misses you.
You shoot an arrow.
The arrow hits the orc priest but does no damage.
The orc priest is lightly wounded.
The orc priest hits you but does no damage.
You shoot an arrow.
The arrow hits the orc priest but does no damage.
The orc priest is lightly wounded.
The orc priest mumbles some strange prayers to Beogh against you.
You barely resist. The orc priest misses you.
You shoot an arrow.
The arrow hits the orc priest but does no damage.
The orc priest is lightly wounded.
The orc priest barely misses you.
You shoot an arrow. The arrow barely misses the orc priest.
The orc priest barely misses you.
You shoot an arrow. The arrow hits the orc priest.
The orc priest is moderately wounded.
The orc priest looks braver for a moment.
You shoot an arrow. The arrow hits the orc priest.
The orc priest is heavily wounded.
The orc priest mumbles some strange prayers to Beogh against you.
Beogh smites you!
Ouch! That really hurt!
The orc priest begins to cast a cantrip, but forgets the words!
You shoot an arrow.
The arrow hits the orc priest but does no damage.
The orc priest is heavily wounded.
The orc priest hits you with a +0 club.
You die...

#|.########.# #.# ####
#......## #.# #.#
#.###...###.# #.#
#...........# #.#
..###...##..##### #.#
#.# #...........# #.#
#.###..###..###.# #.#
#...........# #[#####.#
#.###..###.## #o@.....#
#..........# #######.#
#####..##### #.# #..#
#.# #..# #.# ### #..#
###########.# #..
#####..####...........#
#.#
<...........#########.#
#.# #####.#######
######.# #.#


You could see an orc priest.

Vanquished Creatures
  A hound (D:2)
  4 adders (D:2)
  2 worms (D:2)
  3 dart slugs (D:1)
  3 orcs (D:2)
  3 ball pythons
  3 endoplasms
  4 giant cockroaches
  4 hobgoblins
  4 jackals (D:1)
  3 quokkas
  4 bats (D:1)
  4 frilled lizards
  2 goblins
  4 rats
48 creatures vanquished.

Notes
Turn   | Place    | Note
-------+----------+-------------------------------------------
     0 | D:1      | qw the Gargoyle Hunter began the quest for the Orb.
     0 | D:1      | Reached XP level 1. HP: 12/12 MP: 1/1
     0 | D:1      | 0 ||| qw: Version: 0.3-a-76-g4403597
     0 | D:1      | 0 ||| qw: Game counter: 599
     0 | D:1      | 0 ||| qw: Melee chars always use a shield: true
     0 | D:1      | 0 ||| qw: God list: Okawaru
     0 | D:1      | 0 ||| qw: Allow faded altars: false
     0 | D:1      | 0 ||| qw: Do Orc after clearing Dungeon:15 true
     0 | D:1      | 0 ||| qw: Do second Lair branch before Depths: true
     0 | D:1      | 0 ||| qw: Lair rune preference: random
     0 | D:1      | 0 ||| qw: Goals: Normal
     0 | D:1      | 0 ||| PLANNING D:1-11
   272 | D:1      | Reached XP level 2. HP: 8/17 MP: 2/2
   619 | D:1      | Reached XP level 3. HP: 21/21 MP: 3/3
   626 | D:1      | Reached skill level 5 in Ranged Weapons
   943 | D:1      | 943 ||| UPGRADING to +0 ring mail.
   953 | D:1      | 953 ||| DROPPING +0 leather armour.
   954 | D:1      | 954 ||| READING scroll labelled USYEGE WAUREOS.
   955 | D:1      | 955 ||| READING scroll labelled BABUEH GUORAF.
   956 | D:1      | 956 ||| DROPPING scroll of butterflies.
  1055 | D:2      | Reached skill level 1 in Armour
  1100 | D:2      | Reached skill level 3 in Fighting
  1100 | D:2      | Reached XP level 4. HP: 23/28 MP: 4/4
  1566 | D:2      | 1566 ||| READING scroll labelled MIZAKO OLERCH.
  1593 | D:3      | 1593 ||| STAIRDANCE
  1614 | D:3      | 1614 ||| STAIRDANCE
  1668 | D:3      | 1668 ||| STAIRDANCE
  1711 | D:3      | 1711 ||| STAIRDANCE
  1724 | D:2      | Reached XP level 5. HP: 22/32 MP: 5/5
  1769 | D:3      | 1769 ||| STAIRDANCE
  1778 | D:2      | HP: 1/32 [orc priest/divine providence (17)]
  1779 | D:2      | Slain by an orc priest

Levels and vault maps discovered:
D:1:      spicycebolla_arrival_xxxplode, layout_basic, dk_noncrumbling_4
D:2:      layout_loops_ring
D:3:      layout_rooms, okawaru_trees_2, chequers_decorated_corner,
          kennysheep_generic_room_11

Skill      XL: |  1  2  3 |
---------------+----------+-----
Ranged Weapons | 5 |  5.7
Armour         | 1 |  1.1
Fighting       | 3 |  3.0
Dodging        | |  1.5
Stealth        | |  1.1

Action                     |  1- 3 |  4- 6 || total
---------------------------+-------+-------++-------
   Fire: Shortbow          |   113 |   102 ||   215
    Use: Scroll            |     2 |     1 ||     3
 Armour: Leather armour    |    27 |       ||    27
         Ring mail         |    12 |    77 ||    89
  Dodge: Dodged            |    41 |    63 ||   104

Table legend:
 A = Non-vault XP
 B = Vault XP
 C = Vault XP percentage of total XP
 D = Non-vault monster count
 E = Vault monster count
 F = Vault count percentage of total count
                 A         B        C        D         E       F
            +---------+---------+-------+---------+---------+-------
      Total |     181 |       0 |   0.0 |      48 |       0 |   0.0
            +---------+---------+-------+---------+---------+-------
        D:1 |      48 |       0 |   0.0 |      26 |       0 |   0.0
        D:2 |     129 |       0 |   0.0 |      19 |       0 |   0.0
        D:3 |       4 |       0 |   0.0 |       3 |       0 |   0.0
            +---------+---------+-------+---------+---------+-------
